 Dungeon Crawl Stone Soup version 0.28.0-53-g5a82cb258f (webtiles) character file.

Game seed: 10757651948576520293

24430 Peloso the Carver (level 12, -1/110 HPs)
             Began as a Minotaur Fighter on May 31, 2022.
             Was an Elder of Okawaru.
             Succumbed to a death drake's dark miasma
             ... in a Gauntlet.
             The game lasted 00:29:15 (13295 turns).

Peloso the Carver (Minotaur Fighter)               Turns: 13295, Time: 00:29:16

Health: -1/110     AC: 26    Str: 31    XL:     12   Next: 80%
Magic:  3/13       EV: 15    Int:  5    God:    Okawaru [****..]
Gold:   666        SH:  8    Dex: 11    Spells: 12/12 levels left

rFire   . . .      SeeInvis .   a - +3 long sword (venom)
rCold   . . .      Faith    .   c - +1 buckler {AC+3}
rNeg    . . .      Spirit   +   E - +0 plate armour
rPois   .          Reflect  .   (helmet restricted)
rElec   .          Harm     .   C - +2 cloak
rCorr   .          Rampage  .   (no gloves)
Will    .....      NoTele   +   o - +1 pair of boots
Stlth   ..........              x - amulet of guardian spirit
HPRegen 0.28/turn               B - +6 ring of strength
MPRegen 0.13/turn               w - +4 ring of evasion

@: lethally poisoned (-1 -> -47), heroic, slowed, very slow
A: horns 2, retaliatory headbutt
a: Renounce Religion, Heroism, Finesse


You were in a Gauntlet.
You worshipped Okawaru.
Okawaru was greatly pleased with you.
You visited 2 branches of the dungeon, and saw 12 of its levels.
You also visited: Sewer, Bailey and Gauntlet.

You collected 928 gold pieces.
You spent 262 gold pieces at shops.

Inventory:

Hand Weapons
 a - a +3 long sword of venom (weapon)
 b - the +6 hand axe "Cekyroma" {vorpal, Drain rF+++ Int+7}
   (You found it on level 9 of the Dungeon)

   It inflicts extra damage upon your enemies.
   Int:       It affects your intelligence (+7).
   rF:        It renders you almost immune to fire.
   Drain:     It drains your maximum health when unequipped.
Armour
 c - a +1 buckler of protection (worn)
 k - a scarf of resistance
 o - a +1 pair of boots (worn)
 C - a +2 cloak (worn)
 E - a +0 plate armour (worn)
 J - the +2 cloak of Sin {SInv}
   (You found it in a Gauntlet)

   SInv:      It lets you see invisible.
Jewellery
 r - a ring of positive energy
 w - a +4 ring of evasion (right hand)
 x - an amulet of guardian spirit (around neck)
 B - a +6 ring of strength (left hand)
Wands
 p - a wand of polymorph (3)
 s - a wand of paralysis (12)
Scrolls
 f - 3 scrolls of teleportation
 g - 2 scrolls of fog
 h - a scroll of magic mapping
 i - a scroll of noise
 j - 5 scrolls of fear
 l - a scroll of identify
 v - a scroll of enchant weapon
 y - a scroll of enchant armour
 G - a scroll of blinking
 I - a scroll of immolation
Potions
 d - a potion of might
 e - 3 potions of ambrosia
 m - 4 potions of curing
 q - 2 potions of brilliance
 t - 2 potions of heal wounds
 u - a potion of magic {unknown}
 z - a potion of mutation {unknown}
 A - 2 potions of haste
 D - 2 potions of degeneration {unknown}
 H - a potion of experience
Miscellaneous
 n - a piece from Xom's chessboard (15/15)
 F - a tin of tremorstones (2/2)


   Skills:
 + Level 11.1(16.1) Fighting
 + Level 1.1(13.8) Short Blades
 + Level 14.6(19.7) Long Blades
 + Level 2.0(7.4) Axes
 + Level 1.2(7.1) Maces & Flails
 + Level 1.2(7.1) Polearms
 + Level 1.2(6.8) Staves
 + Level 1.1(6.3) Slings
 + Level 1.1(6.1) Bows
 + Level 1.1(6.1) Crossbows
 + Level 1.0(6.2) Throwing
 + Level 11.3(16.3) Armour
 + Level 3.6(8.6) Dodging
 + Level 2.7(7.7) Stealth
 + Level 8.7(13.7) Shields
 + Level 1.1(6.1) Unarmed Combat
 + Level 0.5 Spellcasting
 + Level 0.6 Conjurations
 + Level 0.5 Hexes
 + Level 0.6 Summonings
 + Level 1.1 Necromancy
 + Level 0.6 Translocations
 + Level 0.7 Transmutations
 + Level 0.6 Fire Magic
 + Level 0.6 Ice Magic
 + Level 0.6 Air Magic
 + Level 0.7 Earth Magic
 + Level 0.6 Poison Magic
 + Level 3.4 Invocations
 + Level 1.3 Evocations


You had 12 spell levels left.
You didn't know any spells.
Your spell library contained the following spells:

 Spells                   Type           Power      Damage    Failure   Level
 Pain                     Necr           4%         1d4       88%         1
 Vampiric Draining        Necr           1%         2d6       99%         3
 Gell's Gravitas          Tloc           0%         N/A       100%        3
 Lesser Beckoning         Tloc           0%         N/A       100%        3
 Teleport Other           Tloc           0%         N/A       100%        3
 Passage of Golubria      Tloc           0%         N/A       100%        4
 Fireball                 Conj/Fire      0%         3d3       100%        5
 Iskenderun's Battlesphe  Conj           0%         2d6       100%        5
 Silence                  Hex/Air        0%         N/A       100%        5
 Conjure Ball Lightning   Conj/Air       0%         3x3d6     100%        6
 Orb of Destruction       Conj           0%         9d5       100%        7
 Lehudib's Crystal Spear  Conj/Erth      0%         10d2      100%        8
 Animate Skeleton         Necr           Unusable   N/A       N/A         1

Dungeon Overview and Level Annotations

Branches:
Dungeon (11/15)            Temple (1/1) D:7            Lair (0/6) D:8
    Orc (0/2) D:9           Sewer (visited)          Bailey (visited)
Gauntlet (1/1)

Altars:
Ashenzari
Cheibriados
Dithmenos
Elyvilon
Fedhas
Gozag
Hepliaklqana
Kikubaaqudgha
Makhleb
Nemelex Xobeh
Okawaru
Qazlal
Ru
Sif Muna
Trog
Uskayaw
Vehumet
Wu Jian
Xom
Yredelemnul
Zin
The Shining One

Shops:
D:1 !   D:10 *

Annotations:
Gauntlet 9 transporters


Innate Abilities, Weirdness & Mutations

You have a pair of horns on your head.
You reflexively headbutt those who attack you in melee.


Message History

You closely miss the death drake.
The death drake is almost dead.
You are engulfed in dark miasma.
You are more poisoned.
You feel as though you will be slow longer.
* * * LOW HITPOINT WARNING * * *
x2 You feel extremely sick.
The death drake bites you but does no damage.
The centaur warrior zombie closely misses you.
You furiously retaliate!
You headbutt the centaur warrior zombie!
You block the centaur warrior zombie's attack.
The death drake closely misses you.
You feel better.
You are engulfed in dark miasma.
You are lethally poisoned!
* * * LOW HITPOINT WARNING * * *
x2 You feel extremely sick.
You block the centaur warrior zombie's attack.
The centaur warrior zombie kicks you but does no damage.
You block the death drake's attack.
You block the centaur warrior zombie's attack.
The centaur warrior zombie barely misses you.
The death drake bites you but does no damage.
You feel better. The centaur warrior zombie hits you!
* * * LOW HITPOINT WARNING * * *
The centaur warrior zombie closely misses you.
The death drake breathes miasma at you. The foul vapour engulfs you!
You are lethally poisoned!
* * * LOW HITPOINT WARNING * * *
The centaur warrior zombie hits you.
* * * LOW HITPOINT WARNING * * *
The centaur warrior zombie kicks you but does no damage.
The death drake breathes miasma at you.
The foul vapour engulfs you but does no damage.
It was a potion of heal wounds.
You feel much better.
You are engulfed in dark miasma.
You are lethally poisoned!
* * * LOW HITPOINT WARNING * * *
You die...

#..##...#≈#≈#P..###)###.#.♣PP..≈≈
Y=!##...PPP.P...###.©...#...PP.≈#
#######..P♣...#############.♣..##
©....©#.......#©....©....©#....≈#
##########.###################.≈≈
.#......x#.##°#.#.##.#YYY....#.≈#
.#.#..##x#.#.#Z#Z#Z#.#YY####.#.##
.#...©##X#.##.#k#Z##.#Y#.....#.≈#
.#.###..x#.#.#.#@#.#.#p#.©####.≈≈
.#.###...#.##.#°#°##.#.#.#[(.#.≈#
.#.###...#.#.#°#(#°#.#.#.#.?##.##
.#..:©[xx#.##.#©#"##.#...#.#©#.≈#
.#########.#########.#########.≈≈
...............................≈#
♣P.P♣P..........♣P.P♣P.P♣..P♣P.##
.....PP...∩...PP...............≈#
≈≈≈#..♣P.....P♣..#≈≈≈#≈≈≈#≈≈≈#≈≈≈


You could see 4 death yaks, a death drake (very poisoned, catching breath), a
spectral hornet, a spectral meliai, a necromancer and a centaur warrior zombie.

Vanquished Creatures
  An orc warlord (Bailey)
  A two-headed ogre (D:9)
  A tengu warrior (Gauntlet)
  A sixfirhy (Gauntlet)
  An orc knight (Bailey)
  Pikel (D:4)
  Maurice (D:8)
  A gargoyle (D:10)
  A kobold demonologist (D:8)
  2 tengu conjurers (Gauntlet)
  2 trolls (D:10)
  Prince Ribbit (D:5)
  A culicivora (shapeshifter) (D:10)
  18 yaks (D:10)
  Eustachio (D:5)
  3 vampire mosquitoes (D:11)
  2 water moccasins
  An acid dragon (D:9)
  2 black bears
  3 ice beasts (D:7)
  8 orc warriors
  2 sky beasts
  3 necrophages
  3 centaurs
  An ogre (D:5)
  4 kobold brigands
  2 scorpions
  4 bullfrogs
  A wyvern zombie (D:7)
  12 wights
  5 howler monkeys
  A vampire bat (D:10)
  3 centaur zombies
  2 hounds
  3 jellies
  8 orc priests
  A centaur skeleton (D:6)
  A bullfrog zombie (D:6)
  A gnoll shaman (D:7)
  3 iguanas
  Ijyb (D:4)
  10 orc wizards
  2 hound skeletons (D:4)
  Robin (D:4)
  A howler monkey skeleton (D:7)
  10 gnolls
  6 adders
  4 river rats (Sewer)
  2 shadow imps (D:6)
  5 ufetubi
  An adder skeleton (D:4)
  3 worms
  2 dart slugs (D:1)
  51 orcs
  6 bats
  2 bat skeletons (D:10)
  3 bat zombies (D:10)
  5 endoplasms
  2 giant cockroaches
  18 goblins
  9 hobgoblins
  3 jackals (Sewer)
  27 kobolds
  5 quokkas
  9 ball pythons
  2 frilled lizards
  7 rats
310 creatures vanquished.

Vanquished Creatures (others)
  16 plants (Sewer)
16 creatures vanquished.

Grand Total: 326 creatures vanquished

Notes
Turn   | Place    | Note
-------+----------+-------------------------------------------
     0 | D:1      | Peloso the Minotaur Fighter began the quest for the Orb.
     0 | D:1      | Reached XP level 1. HP: 19/19 MP: 0/0
   362 | D:1      | Reached XP level 2. HP: 23/27 MP: 1/1
   658 | D:1      | Found Emuttuum's Distillery.
   863 | D:1      | Found a faded altar of an unknown god.
  1009 | D:2      | Reached skill level 3 in Long Blades
  1111 | D:2      | Reached XP level 3. HP: 33/33 MP: 2/2
  1927 | D:3      | Found a snail-covered altar of Cheibriados.
  2201 | D:3      | Reached XP level 4. HP: 29/41 MP: 3/3
  2210 | D:3      | Reached skill level 4 in Long Blades
  2422 | D:3      | Reached XP level 5. HP: 27/47 MP: 4/4
  2826 | D:4      | Noticed Ijyb
  2836 | D:4      | Killed Ijyb
  2837 | D:4      | Reached skill level 5 in Fighting
  2871 | D:4      | Reached skill level 5 in Armour
  2928 | D:4      | Reached XP level 6. HP: 56/56 MP: 5/5
  2953 | D:4      | Noticed Robin
  2966 | D:4      | Reached skill level 5 in Long Blades
  2979 | D:4      | Killed Robin
  3070 | D:4      | You fall into a shaft and drop 3 floors!
  3116 | D:5      | Entered Level 5 of the Dungeon
  3214 | D:5      | Noticed Eustachio
  3235 | D:5      | Killed Eustachio
  3236 | D:5      | Reached skill level 6 in Long Blades
  3236 | D:5      | Reached skill level 1 in Dodging
  3236 | D:5      | Reached skill level 1 in Stealth
  3236 | D:5      | Reached XP level 7. HP: 19/61 MP: 6/6
  3295 | D:5      | Found a glowing drain.
  3415 | Sewer    | Entered a sewer
  3971 | Sewer    | Reached skill level 5 in Shields
  4597 | D:5      | Noticed Pikel
  4625 | D:4      | Killed Pikel
  4626 | D:4      | Reached skill level 7 in Long Blades
  4626 | D:4      | Reached XP level 8. HP: 22/71 MP: 7/7
  5193 | D:5      | Noticed Prince Ribbit
  5198 | D:5      | Killed Prince Ribbit
  5199 | D:5      | Reached skill level 8 in Long Blades
  6361 | D:7      | Found a shadowy altar of Dithmenos.
  6370 | D:7      | Reached XP level 9. HP: 75/79 MP: 8/8
  6377 | D:7      | Found an opulent altar of Gozag.
  6465 | D:7      | Reached skill level 9 in Long Blades
  6508 | D:7      | Found a staircase to the Ecumenical Temple.
  6527 | Temple   | Entered the Ecumenical Temple
  6556 | Temple   | Became a worshipper of Warmaster Okawaru
  6891 | D:7      | Found a bloodstained altar of Trog.
  7094 | D:7      | Reached skill level 10 in Long Blades
  7369 | D:7      | Reached * piety under Okawaru
  8008 | D:6      | Reached skill level 11 in Long Blades
  8339 | D:6      | Found a shimmering altar of Xom.
  8339 | D:6      | Found a basalt altar of Yredelemnul.
  8441 | D:8      | Found a staircase to the Lair.
  8630 | D:8      | Noticed Maurice
  8648 | D:8      | Paralysed by something for 7 turns
  8660 | D:8      | Paralysed by Maurice for 4 turns
  8665 | D:8      | Killed Maurice
  8665 | D:8      | Reached ** piety under Okawaru
  8666 | D:8      | Reached XP level 10. HP: 21/90 MP: 6/9
  9704 | D:8      | Reached skill level 12 in Long Blades
  9749 | D:8      | Noticed a +0 spear
  9754 | D:8      | Found a hide-covered altar of Uskayaw.
  9754 | D:8      | Noticed a +0 short sword
  9754 | D:8      | Noticed a +0 dagger
  9754 | D:8      | Noticed a +0 falchion
  9755 | D:8      | Noticed a +0 falchion
  9756 | D:8      | Noticed a +0 spear
  9757 | D:8      | Noticed a +0 short sword
  9758 | D:8      | Noticed a +0 dagger
  9971 | D:8      | Found a blossoming altar of Fedhas.
 10013 | D:9      | Noticed a two-headed ogre
 10020 | D:9      | Killed a two-headed ogre
 10021 | D:9      | Reached skill level 1 in Invocations
 10064 | D:9      | Reached skill level 10 in Armour
 10139 | D:9      | Found a flagged portal.
 10173 | D:9      | Identified the +6 hand axe "Cekyroma" {vorpal, Drain rF+++
                  | Int+7}
 10305 | Bailey   | Entered a bailey
 10321 | Bailey   | Noticed an orc warlord
 10416 | Bailey   | Noticed an orc knight
 10446 | Bailey   | Killed an orc knight
 10545 | Bailey   | Found a runed translucent gate.
 10547 | Bailey   | Found a runed translucent gate.
 10549 | Bailey   | Found a runed translucent gate.
 10690 | Bailey   | Killed an orc warlord
 10690 | Bailey   | Reached *** piety under Okawaru
 10691 | Bailey   | Reached skill level 13 in Long Blades
 10691 | Bailey   | Reached XP level 11. HP: 75/99 MP: 6/11
 10902 | D:9      | Identified the +1 robe of Ruewewot {Fly Int+3}
 11405 | D:9      | Found a staircase to the Orcish Mines.
 11554 | D:10     | Entered Level 10 of the Dungeon
 11733 | D:10     | Found an ancient bone altar of Kikubaaqudgha.
 11770 | D:10     | Reached skill level 10 in Fighting
 11844 | D:10     | Reached **** piety under Okawaru
 12141 | D:10     | Found a glowing silver altar of Zin.
 12252 | D:10     | Found Nicis's Assorted Antiques.
 12264 | D:10     | Bought a pair of runed boots for 262 gold pieces
 12296 | D:10     | Reached skill level 14 in Long Blades
 12661 | D:11     | Found a gate leading to a gauntlet.
 12670 | Gauntlet | Entered a Gauntlet
 12670 | Gauntlet | Found a transporter.
 12675 | Gauntlet | Found a transporter.
 12676 | Gauntlet | Found a transporter.
 12676 | Gauntlet | Noticed a tengu warrior
 12677 | Gauntlet | Noticed a catoblepas
 12689 | Gauntlet | Found a transporter.
 12691 | Gauntlet | Found a transporter.
 12695 | Gauntlet | Noticed a sixfirhy
 12696 | Gauntlet | Noticed a sixfirhy
 12702 | Gauntlet | Found a transporter.
 12718 | Gauntlet | Found a transporter.
 12719 | Gauntlet | Found the +2 cloak of the Thief {*Fog Slay-2 SInv Stlth+}
 12720 | Gauntlet | Noticed a thrashing horror
 12726 | Gauntlet | Noticed a death drake
 12728 | Gauntlet | Found a transporter.
 12735 | Gauntlet | Noticed a death yak
 12736 | Gauntlet | Noticed a death yak
 12737 | Gauntlet | Noticed a necromancer
 12737 | Gauntlet | Noticed a death yak
 12737 | Gauntlet | Noticed a death yak
 12739 | Gauntlet | Noticed a death yak
 12740 | Gauntlet | Noticed a death yak
 12741 | Gauntlet | Found a transporter.
 12753 | Gauntlet | Found a transporter.
 12756 | Gauntlet | Noticed a sixfirhy
 12762 | Gauntlet | Found a transporter.
 12770 | Gauntlet | Found a transporter.
 12850 | Gauntlet | Found a transporter.
 12876 | Gauntlet | Found a transporter.
 12980 | Gauntlet | Reached skill level 1 in Short Blades
 12980 | Gauntlet | Reached skill level 1 in Maces & Flails
 12980 | Gauntlet | Reached skill level 1 in Polearms
 12980 | Gauntlet | Reached skill level 1 in Staves
 12980 | Gauntlet | Reached skill level 1 in Slings
 12980 | Gauntlet | Reached skill level 1 in Bows
 12980 | Gauntlet | Reached skill level 1 in Crossbows
 12980 | Gauntlet | Reached skill level 1 in Throwing
 12980 | Gauntlet | Reached skill level 1 in Unarmed Combat
 12980 | Gauntlet | Reached skill level 1 in Necromancy
 12980 | Gauntlet | Reached skill level 1 in Evocations
 12980 | Gauntlet | Reached XP level 12. HP: 108/108 MP: 9/13
 13007 | Gauntlet | Killed a tengu warrior
 13155 | Gauntlet | Reached ***** piety under Okawaru
 13176 | Gauntlet | Identified the +2 cloak of Sin {SInv}
 13294 | Gauntlet | HP: 5/110 [death drake/foul vapour (8)]
 13295 | Gauntlet | Succumbed to a death drake's dark miasma

Illustrated notes

Levels and vault maps discovered:
D:1:      saegor_arrival_simple_b, layout_basic,
          shapermc_ecumenical_altar_starsandcircs, serial_shops,
          nicolae_square_shop
D:2:      layout_rooms
D:3:      layout_basic, cheibrodos_worm_habitat
D:4:      layout_cave_pools, chequers_hall_statues_wall_a, kennysheep_nub,
          minmay_pentomino_pile, uniq_robin, uniq_ijyb
D:5:      layout_basic, cheibrodos_sewer_entry_sluice, uniq_prince_ribbit1,
          uniq_pikel, uniq_eustachio
D:6:      layout_loops_ring, nicolae_overflow_hidden_temple, minivault_26
D:7:      layout_basic, trog_three_pillars_becter, jmf_multi_god_temple,
          minmay_temple_entry_junction_2
D:8:      layout_basic, nicolae_uskayaw_en_pointe, kennysheep_mini_moat,
          lair_entry_dummy, uniq_maurice
D:9:      layout_roguey [special_room_orc], orc_0_dummy, enter_bailey_2
D:10:     layout_cave_pools, kennysheep_vampire_church, zin_statuary,
          serial_shops, shop
D:11:     layout_big_octagon, serial_co_window_serial, co_window_paths_b,
          co_window_of_opportunity_a, co_window_paths_a,
          co_window_of_opportunity_a, co_window_paths_a, co_window_2corner,
          co_window_2corner, co_window_2corner, co_window_unsneaky_path_b,
          co_window_broadway_c, co_window_4corner_b, co_window_paths_d,
          glass_columns_a, glass_columns_b, glass_columns_a, glass_columns_b,
          gauntlet_entry_generic, nicolae_alphabet_shops, serial_bayou_lagoon_a
Temple:   minmay_temple_bridge_abc
Gauntlet: minmay_gauntlet_77_tree [minmay_gauntlet_arena_77_box,
          minmay_gauntlet_arena_77_mess, minmay_gauntlet_arena_77_p_blocks,
          minmay_gauntlet_arena_77_braids, minmay_gauntlet_arena_77_block_sizes,
          minmay_gauntlet_arena_77_checkered,
          minmay_gauntlet_arena_77_radiant_squares, gauntlet_exit_hidden_loot]

Skill      XL: |  1  2  3  4  5  6  7  8  9 10 11 12 |
---------------+-------------------------------------+-----
Fighting       | 4 5 6 7 8 9 10 11 | 11.1
Shields        | 4 5 6 7 8 |  8.7
Long Blades    | 3 4 6 7 8 11 13 14 | 14.6
Armour         | 4 5 6 8 9 10 11 | 11.3
Dodging        | 1 2 3 |  3.6
Stealth        | 1 2 |  2.7
Invocations    | 2 3 |  3.4
Short Blades   | 1 |  1.1
Axes           | 2 |  2.0
Maces & Flails | 1 |  1.2
Polearms       | 1 |  1.2
Staves         | 1 |  1.2
Slings         | 1 |  1.1
Bows           | 1 |  1.1
Crossbows      | 1 |  1.1
Throwing       | 1 |  1.0
Unarmed Combat | 1 |  1.1
Necromancy     | 1 |  1.1
Evocations     | 1 |  1.3
Spellcasting   | |  0.5
Conjurations   | |  0.6
Hexes          | |  0.5
Summonings     | |  0.6
Translocations | |  0.6
Transmutations | |  0.7
Fire Magic     | |  0.6
Ice Magic      | |  0.6
Air Magic      | |  0.6
Earth Magic    | |  0.7
Poison Magic   | |  0.6

Action                   |  1- 3 |  4- 6 |  7- 9 | 10-12 || total
-------------------------+-------+-------+-------+-------++-------
Melee: Long sword        |    70 |   104 |   397 |   429 ||  1000
       Headbutt          |    11 |    21 |    54 |    80 ||   166
Invok: Heroism           |       |       |     1 |    23 ||    24
Evoke: Wand              |       |     7 |     2 |       ||     9
  Use: Scroll            |     4 |       |     7 |     6 ||    17
       Potion            |     3 |       |       |     6 ||     9
 Stab: Paralysed         |       |     5 |     1 |       ||     6
Armor: Scale mail        |    31 |       |       |       ||    31
       Chain mail        |    31 |    95 |   208 |    39 ||   373
       Plate armour      |       |       |       |   183 ||   183
Dodge: Dodged            |    39 |    43 |   118 |   255 ||   455
Block: Buckler           |    14 |    35 |    87 |   115 ||   251
